AoeStats
← 小桦

Arabia

507208297Analyzed
1v1 RM · 16d ago on Sep 17, 2026· 58m 50s· 2 players
Game mode
Random Map
Map size
Tiny (2 player)
Population
200
Speed
Normal
Resources
Standard
Victory
Conquest
Starting age
Dark Age
Ending age
Imperial Age
RankedLock teamsTeams togetherTeam positionsShared explorationLock speedFull tech treeHidden civsTurbo modeCheats
Victory
Defeat
🇨🇳 Koreans · China
1375
+17
🇨🇷 Tupi · Costa Rica
1403
-17
小桦
6:11 Loom
8:43 Feudal Age
13:24 Fletching
20:39 Castle Age
18:31 Double-Bit Axe
20:53 Crossbowman
22:26 Bow Saw
24:40 Horse Collar
27:44 Bodkin Arrow
28:51 Gold Mining
35:25 Wheelbarrow
36:25 Town Watch
40:20 Imperial Age
39:26 Thumb Ring
39:57 Stone Mining
41:23 Bracer
41:14 Arbalester
43:25 Ballistics
45:21 Gold Shaft Mining
46:14 Elite Skirmisher
48:34 Chemistry
47:20 Arrowslits
50:13 Scale Barding Armor
50:46 Forging
50:53 Husbandry
50:15 Light Cavalry
52:49 Cavalier
55:39 Chain Barding Armor
55:49 Eupseong
57:10 Iron Casting
56:32 Hussar
aldeano_negro
6:41 Loom
9:20 Feudal Age
10:25 Double-Bit Axe
10:16 Champi Runner
12:52 Fletching
17:18 Horse Collar
24:35 Castle Age
23:10 Gold Mining
25:29 Bodkin Arrow
24:55 Crossbowman
25:49 Padded Archer Armor
27:53 Ballistics
30:12 Town Watch
44:37 Imperial Age
43:16 Leather Archer Armor
44:16 Elite Skirmisher
45:51 Ring Archer Armor
45:21 Bracer
45:54 Conscription
46:43 Chemistry
48:41 Wheelbarrow
52:32 Hand Cart
55:06 Scale Mail Armor
55:16 Forging
56:51 Chain Mail Armor
56:00 Pikeman
56:41 Squires
57:17 Iron Casting
56:59 Halberdier
Connection lost

Rejoining the realm…

Still unreachable

The connection could not be restored.

Session expired

The server has moved on; the page needs a fresh start.